% Time on Ice - KANSAS CITY KILLERBEES
Lines # - Real PCT - Wanted PCT - Time Play
Normal Forward
1 - 34% - 34% - 14:17
2 - 29% - 33% - 12:23
3 - 28% - 25% - 11:47
4 - 9% - 8% - 3:42
Normal Defense
1 - 33% - 35% - 13:51
2 - 37% - 35% - 15:26
3 - 28% - 20% - 11:54
4 - 2% - 10% - 0:58
PP Forward
1 - 44% - 55% - 3:28
2 - 56% - 45% - 4:28
PP Defense
1 - 50% - 55% - 4:00
2 - 50% - 45% - 3:56
PK Forward
1 - 58% - 55% - 5:46
2 - 42% - 45% - 4:09
PK Defense
1 - 44% - 55% - 4:24
2 - 56% - 45% - 5:31
PK3 Forward
1 - 0% - 55%
2 - 0% - 45%
PK3 Defense
1 - 0% - 55%
2 - 0% - 45%
44 Forward
1 - 0% - 55%
2 - 0% - 45%
44 Defense
1 - 0% - 55%
2 - 0% - 45%
Last Minute Offensive  - 0:00
Last Minute Defensive  - 0:00
Total
Forward - 60:00
Defense - 60:00
% Time on Ice - LAS VEGAS LIZARD KINGS
Lines # - Real PCT - Wanted PCT - Time Play
Normal Forward
1 - 37% - 38% - 15:40
2 - 23% - 30% - 9:34
3 - 23% - 26% - 9:46
4 - 17% - 6% - 7:09
Normal Defense
1 - 37% - 45% - 15:44
2 - 31% - 35% - 13:15
3 - 29% - 20% - 12:20
4 - 2% - 0% - 0:50
PP Forward
1 - 49% - 80% - 4:54
2 - 51% - 20% - 5:01
PP Defense
1 - 57% - 80% - 5:42
2 - 43% - 20% - 4:13
PK Forward
1 - 100% - 70% - 7:56
2 - 0% - 30% - 0:00
PK Defense
1 - 53% - 50% - 4:10
2 - 47% - 50% - 3:46
PK3 Forward
1 - 0% - 55%
2 - 0% - 45%
PK3 Defense
1 - 0% - 55%
2 - 0% - 45%
44 Forward
1 - 0% - 55%
2 - 0% - 45%
44 Defense
1 - 0% - 55%
2 - 0% - 45%
Last Minute Offensive  - 0:00
Last Minute Defensive  - 0:00
Total
Forward - 60:00
Defense - 60:00
Play-by-Play 1st period 0:01 of 1st period - Ryan Nugent-Hopkins wins face-off versus Mark Stone in neutral zone. 0:11 of 1st period - Shot by John Marino. 0:11 of 1st period - Stopped by John Gibson with a rebound. 0:17 of 1st period - Shot by Johnny Gaudreau. 0:17 of 1st period - Deflect By Ryan Nugent-Hopkins. 0:17 of 1st period - Stopped by John Gibson without a rebound. 0:18 of 1st period - Sean Monahan wins face-off versus Yegor Sharangovich in KANSAS CITY KILLERBEES zone. 0:21 of 1st period - Shot by Barclay Goodrow. 0:21 of 1st period - Stopped by John Gibson without a rebound. 0:22 of 1st period - Derek Ryan wins face-off versus Zach Aston-Reese in KANSAS CITY KILLERBEES zone. 0:30 of 1st period - Minor Penalty to Colin Miller for Tripping. 0:31 of 1st period - Ryan Nugent-Hopkins wins face-off versus Zach Aston-Reese in KANSAS CITY KILLERBEES zone. 1:05 of 1st period - Ryan Nugent-Hopkins is hit by Cam Fowler and loses puck. 1:36 of 1st period - Shot by Brandon Hagel. 1:36 of 1st period - Stopped by John Gibson without a rebound. 1:37 of 1st period - Sean Monahan wins face-off versus Zach Aston-Reese in KANSAS CITY KILLERBEES zone. 1:42 of 1st period - Shot by Brayden McNabb. 1:42 of 1st period - Stopped by John Gibson with a rebound. 2:39 of 1st period - Derek Ryan is hit by Adam Larsson and loses puck. 2:45 of 1st period - Mikhail Grigorenko is hit by Adam Larsson and loses puck. 2:50 of 1st period - Shot by Dylan Gambrell. 2:50 of 1st period - Shot Misses the Net. 3:04 of 1st period - Shot by Derek Ryan. 3:04 of 1st period - Deflect By Mikhail Grigorenko. 3:04 of 1st period - Shot Misses the Net. 3:33 of 1st period - Yegor Sharangovich is hit by Nick Leddy and loses puck. 3:43 of 1st period - Nick Schmaltz is hit by Nick Leddy and loses puck. 3:57 of 1st period - Icing by Nick Leddy. 3:58 of 1st period - Ryan Nugent-Hopkins wins face-off versus Josh Archibald in LAS VEGAS LIZARD KINGS zone. 4:18 of 1st period - Icing by Brayden McNabb. 4:19 of 1st period - Sean Monahan wins face-off versus Zach Aston-Reese in LAS VEGAS LIZARD KINGS zone. 4:27 of 1st period - Off-side. 4:28 of 1st period - Sean Monahan wins face-off versus Yegor Sharangovich in neutral zone. 5:18 of 1st period - Nicholas Ritchie is hit by Barclay Goodrow and loses puck. 5:32 of 1st period - Off-side. 5:33 of 1st period - Ryan Nugent-Hopkins wins face-off versus Zach Aston-Reese in neutral zone. 5:38 of 1st period - Shot by Ryan Nugent-Hopkins. 5:38 of 1st period - Shot Misses the Net. 5:51 of 1st period - Riley Sheahan is hit by Matt Roy and loses puck. 6:12 of 1st period - Shot by Victor Olofsson. 6:12 of 1st period - Deflect By Ryan Nugent-Hopkins. 6:12 of 1st period - Stopped by John Gibson without a rebound. 6:13 of 1st period - Sean Couturier wins face-off versus Derek Ryan in KANSAS CITY KILLERBEES zone. 6:30 of 1st period - Shot by Mark Stone. 6:30 of 1st period - Shot Misses the Net. 6:45 of 1st period - Shot by Derek Ryan. 6:45 of 1st period - Stopped by John Gibson with a rebound. 6:47 of 1st period - Shot by Kevan Miller. 6:47 of 1st period - Shot Misses the Net. 7:03 of 1st period - Shot by Sean Monahan. 7:03 of 1st period - Shot Misses the Net. 7:23 of 1st period - Shot by Brandon Hagel. 7:23 of 1st period - Stopped by John Gibson without a rebound. 7:24 of 1st period - Ryan Nugent-Hopkins wins face-off versus Zach Aston-Reese in KANSAS CITY KILLERBEES zone. 7:24 of 1st period - Johnny Gaudreau is hit by K'Andre Miller and loses puck. 7:30 of 1st period - Ryan Nugent-Hopkins is hit by K'Andre Miller and loses puck. 8:04 of 1st period - Johnny Gaudreau is hit by Jacob Muzzin and loses puck. 8:20 of 1st period - Icing by Trevor Moore. 8:21 of 1st period - Sean Monahan wins face-off versus Zach Aston-Reese in KANSAS CITY KILLERBEES zone. 8:26 of 1st period - Shot by Barclay Goodrow. 8:26 of 1st period - Shot Blocked by K'Andre Miller. 9:21 of 1st period - Yegor Sharangovich is hit by Brayden McNabb and loses puck. 9:37 of 1st period - Off-side. 9:38 of 1st period - Sean Couturier wins face-off versus Derek Ryan in neutral zone. 9:43 of 1st period - Shot by Mark Stone. 9:43 of 1st period - Shot Blocked by Matt Roy. 9:57 of 1st period - Shot by Mikhail Grigorenko. 9:57 of 1st period - Stopped by John Gibson without a rebound. 9:58 of 1st period - Ryan Nugent-Hopkins wins face-off versus Mark Stone in KANSAS CITY KILLERBEES zone. 10:05 of 1st period - Shot by Ryan Nugent-Hopkins. 10:05 of 1st period - Shot Misses the Net. 10:31 of 1st period - Shot by Johnny Gaudreau. 10:31 of 1st period - Shot Misses the Net. 10:47 of 1st period - Off-side. 10:48 of 1st period - Derek Ryan wins face-off versus Yegor Sharangovich in neutral zone. 10:48 of 1st period - Derek Ryan is hit by Nick Schmaltz. 10:55 of 1st period - Icing by Adam Larsson. 10:56 of 1st period - Evan Rodrigues wins face-off versus Yegor Sharangovich in KANSAS CITY KILLERBEES zone. 10:58 of 1st period - Bobby Ryan is hit by Adam Larsson and loses puck. 11:21 of 1st period - Shot by Nicholas Ritchie. 11:21 of 1st period - Shot Blocked by Matthew Nieto. 11:50 of 1st period - Evan Rodrigues is hit by Zach Aston-Reese and loses puck. 11:54 of 1st period - Matthew Nieto is hit by Colin Miller and loses puck. 12:10 of 1st period - Shot by Riley Sheahan. 12:10 of 1st period - Shot Blocked by Brayden McNabb. 12:16 of 1st period - Zach Aston-Reese is hit by Mikhail Grigorenko and loses puck. 13:30 of 1st period - Shot by Ryan Nugent-Hopkins. 13:30 of 1st period - Shot Misses the Net. 13:52 of 1st period - Shot by Sean Monahan. 13:52 of 1st period - Deflect By Brandon Hagel. 13:52 of 1st period - Shot Blocked by Jacob Muzzin. 13:54 of 1st period - Shot by Barclay Goodrow. 13:54 of 1st period - Stopped by John Gibson without a rebound. 13:55 of 1st period - Yegor Sharangovich wins face-off versus Evan Rodrigues in KANSAS CITY KILLERBEES zone. 13:55 of 1st period - Yegor Sharangovich is hit by Bobby Ryan. 14:45 of 1st period - Barclay Goodrow is hit by Adam Larsson and loses puck. 14:58 of 1st period - Shot by Brandon Hagel. 14:58 of 1st period - Stopped by John Gibson without a rebound. 14:59 of 1st period - Ryan Nugent-Hopkins wins face-off versus Sean Couturier in KANSAS CITY KILLERBEES zone. 14:59 of 1st period - Johnny Gaudreau is hit by K'Andre Miller and loses puck. 15:03 of 1st period - Icing by K'Andre Miller. 15:04 of 1st period - Sean Couturier wins face-off versus Derek Ryan in KANSAS CITY KILLERBEES zone. 15:04 of 1st period - Sean Couturier is hit by Dylan Gambrell. 15:22 of 1st period - Shot by Zach Hyman. 15:22 of 1st period - Stopped by Marc-Andre Fleury without a rebound. 15:23 of 1st period - Ryan Nugent-Hopkins wins face-off versus Zach Aston-Reese in LAS VEGAS LIZARD KINGS zone. 15:59 of 1st period - Shot by Zach Aston-Reese. 15:59 of 1st period - Shot Misses the Net. 16:01 of 1st period - Shot by Zach Aston-Reese. 16:01 of 1st period - Shot Misses the Net. 16:03 of 1st period - Shot by Trevor Moore. 16:03 of 1st period - Shot Misses the Net. 16:37 of 1st period - Minor Penalty to Barclay Goodrow for Holding Stick. 16:38 of 1st period - Derek Ryan wins face-off versus Yegor Sharangovich in LAS VEGAS LIZARD KINGS zone. 16:48 of 1st period - Nick Schmaltz is hit by Nick Leddy and loses puck. 17:01 of 1st period - Shot by Nick Schmaltz. 17:01 of 1st period - Stopped by Marc-Andre Fleury without a rebound. 17:02 of 1st period - Sean Couturier wins face-off versus Derek Ryan in LAS VEGAS LIZARD KINGS zone. 18:17 of 1st period - Shot by Nicholas Ritchie. 18:17 of 1st period - Stopped by Marc-Andre Fleury without a rebound. 18:18 of 1st period - Sean Monahan wins face-off versus Yegor Sharangovich in LAS VEGAS LIZARD KINGS zone. 18:36 of 1st period - Shot by K'Andre Miller. 18:36 of 1st period - Shot Misses the Net. 18:42 of 1st period - Shot by Ryan Nugent-Hopkins. 18:42 of 1st period - Shot Misses the Net. 18:44 of 1st period - Shot by Ryan Nugent-Hopkins. 18:44 of 1st period - Stopped by John Gibson with a rebound. 18:46 of 1st period - Shot by Johnny Gaudreau. 18:46 of 1st period - Stopped by John Gibson with a rebound. 19:00 of 1st period - Shot by Johnny Gaudreau. 19:00 of 1st period - Shot Blocked by Zach Aston-Reese. 19:23 of 1st period - Icing by Colin Miller. 19:24 of 1st period - Zach Aston-Reese wins face-off versus Evan Rodrigues in KANSAS CITY KILLERBEES zone. 19:26 of 1st period - Icing by Riley Sheahan. 19:27 of 1st period - Sean Monahan wins face-off versus Zach Aston-Reese in KANSAS CITY KILLERBEES zone. 19:32 of 1st period - Shot by Sean Monahan. 19:32 of 1st period - Goal by Sean Monahan - KANSAS CITY KILLERBEES : 0 - LAS VEGAS LIZARD KINGS : 1. 19:33 of 1st period - Derek Ryan wins face-off versus Sean Couturier in neutral zone. 19:54 of 1st period - Shot by Mark Stone. 19:54 of 1st period - Shot Misses the Net. 19:59 of 1st period - Icing by John Marino. Goals for this period are 0 for KANSAS CITY KILLERBEES vs 1 for LAS VEGAS LIZARD KINGS. Shots for this period are 3 for KANSAS CITY KILLERBEES vs 14 for LAS VEGAS LIZARD KINGS. 2nd period 0:01 of 2nd period - Sean Monahan wins face-off versus Yegor Sharangovich in neutral zone. 0:22 of 2nd period - Shot by Nicholas Ritchie. 0:22 of 2nd period - Shot Misses the Net. 0:24 of 2nd period - Shot by Nicholas Ritchie. 0:24 of 2nd period - Shot Misses the Net. 1:19 of 2nd period - Icing by Mark Stone. 1:20 of 2nd period - Sean Couturier wins face-off versus Derek Ryan in KANSAS CITY KILLERBEES zone. 1:33 of 2nd period - Shot by Dylan Gambrell. 1:33 of 2nd period - Shot Misses the Net. 1:37 of 2nd period - Shot by Dylan Gambrell. 1:37 of 2nd period - Goal by Dylan Gambrell - KANSAS CITY KILLERBEES : 0 - LAS VEGAS LIZARD KINGS : 2. 1:38 of 2nd period - Ryan Nugent-Hopkins wins face-off versus Zach Aston-Reese in neutral zone. 1:55 of 2nd period - Shot by Riley Sheahan. 1:55 of 2nd